[Event "Team 45 45 League T80"]
[Site "Internet Chess Club"]
[Date "2019.04.27"]
[Round "5"]
[White "RD1974"]
[Black "KCChessc6"]
[Result "0-1"]
[WhiteElo "1580"]
[BlackElo "1749"]
[Opening "Caro-Kann: anti-anti-Caro-Kann defense"]
[ECO "B10"]
[Time "10:02:01"]
[TimeControl "2700+45"]

1. e4 c6 2. c4 d5 3. cxd5 cxd5 4. exd5 Nf6 5. Nc3 Nxd5 6. Nf3 Nc6 7. Bb5 g6 8.
d4 Bg7 9. Qa4 O-O 10. Bxc6 bxc6 11. Qxc6 Be6 12. Qa4 Nxc3 13. bxc3 Rc8 14. Bd2
Bc4 15. Ne5 Bxe5 16. dxe5 Qd3 17. Qd1 Qe4+ 18. Be3 Qxe5 19. Qd4 Qb5 20. Bh6 f6
21. Bxf8 Qb2 22. Qxc4+ Rxc4 23. O-O Kxf8 24. Rab1 Qxc3 25. Rb8+ Kf7 26. Rb3 Qd4
27. h3 Rc2 28. a3 Rb2 29. Re3 a5 30. Rfe1 Qa7 31. Kf1 a4 32. Kg1 Rb3 {White
resigns} 0-1

[Event "Team 45 45 League T80"]
[Site "Internet Chess Club"]
[Date "2019.04.24"]
[Round "5"]
[White "Chess4Him"]
[Black "noblitz-oblige"]
[Result "1-0"]
[WhiteElo "1519"]
[BlackElo "1477"]
[Opening "Queen's pawn: London system"]
[ECO "A45"]
[Time "21:04:41"]
[TimeControl "2700+45"]

1. d4 Nf6 2. Bf4 e6 3. e3 Nc6 4. Nd2 d6 5. Ngf3 Be7 6. h3 O-O 7. c3 b6 8. Bd3 e5
9. Bh2 Bb7 10. O-O Re8 11. e4 Bf8 12. d5 Ne7 13. b4 c6 14. c4 cxd5 15. cxd5 Qd7
16. a4 a6 17. Qb3 Rec8 18. Nc4 Qd8 19. a5 bxa5 20. bxa5 Rab8 21. Qb6 Ng6 22.
Qxd8 Rxd8 23. Nb6 Nd7 24. Rfc1 Nc5 25. Bc2 Be7 26. Rd1 Nf8 27. Nd2 Nfd7 28. Ndc4
Nxb6 29. Nxb6 Nd7 30. Rab1 Nc5 31. f3 Bg5 32. Kh1 Be3 33. Bg1 Bxg1 34. Kxg1 Bc8
35. Kf2 Bd7 36. Nc4 Bb5 37. Nb6 Nd7 38. Ba4 Bxa4 39. Nxa4 g6 40. Nb6 Nc5 41. Ke3
Kg7 42. g4 f6 43. h4 Kf7 44. Nc4 Ke7 45. Nb6 Rb7 46. f4 Rdb8 47. g5 Kf7 48. fxe5
fxe5 49. Rf1+ Ke7 50. Rf6 Rd8 51. Rbf1 Rbb8 52. Rf7+ {Black resigns} 1-0

[Event "Team 45 45 League T80"]
[Site "Internet Chess Club"]
[Date "2019.04.26"]
[Round "5"]
[White "OGO"]
[Black "pagliaci"]
[Result "1-0"]
[WhiteElo "1258"]
[BlackElo "1174"]
[Opening "Grünfeld: 5.e3"]
[ECO "D94"]
[Time "12:00:28"]
[TimeControl "2700+45"]

1. d4 Nf6 2. c4 g6 3. Nf3 d5 4. Nc3 Bg7 5. e3 c5 6. Bd3 O-O 7. O-O Nc6 8. a3
dxc4 9. Bxc4 Bg4 10. Be2 Bxf3 11. Bxf3 cxd4 12. exd4 Nxd4 13. Bxb7 Rb8 14. Bf3
Nxf3+ 15. Qxf3 Rb3 16. Rd1 Qa5 17. Rd3 Nh5 18. Qd1 Bxc3 19. Qxb3 Bf6 20. Bd2 Qa6
21. Rc1 Bxb2 22. Rd1 Bg7 23. Bb4 Bf6 24. Rd7 Qb6 25. Qf3 Re8 26. g4 Ng7 27. Rb7
Qa6 28. Rdd7 Rc8 29. Rxa7 Rc1+ 30. Kg2 Qf1+ 31. Kg3 Qg1+ 32. Kh3 Ne6 33. Bd2
Qf1+ 34. Qg2 Ng5+ 35. Bxg5 Qxg2+ 36. Kxg2 Bxg5 37. Rac7 Ra1 38. Rc8+ Kg7 39. Ra8
Kf6 40. a4 Ke6 41. Rb7 Kd6 42. a5 Bf6 43. a6 Kc6 44. Rb3 Bd4 45. Rf8 f6 46. Rf7
Bc5 47. Rxh7 Ra2 48. Rg7 Rxf2+ 49. Kg3 g5 50. a7 Ra2 51. h3 Rxa7 52. Kf3 Ra1 53.
Rd3 Rh1 54. Rh7 Bd6 55. Ke4 Kc5 56. Kf5 Kc6 57. Ke6 Re1+ 58. Kf7 Kd7 59. Rh8 e5
60. Kxf6 e4 61. Rd5 e3 62. Kxg5 Rf1 63. Rh6 e2 64. Rdxd6+ Kc7 65. Rde6 Kd7 66.
Rxe2 {Black resigns} 1-0

[Event "Team 45 45 League T80"]
[Site "Internet Chess Club"]
[Date "2019.04.29"]
[Round "5"]
[White "jeffk"]
[Black "kingsrook"]
[Result "0-1"]
[WhiteElo "1083"]
[BlackElo "1218"]
[Opening "Sicilian defense"]
[ECO "B40"]
[Time "19:00:39"]
[TimeControl "2700+45"]

1. e4 c5 2. Nf3 e6 3. Nc3 Nc6 4. Bc4 Nf6 5. O-O d5 6. exd5 exd5 7. Bb5 Be7 8.
Bxc6+ bxc6 9. Re1 O-O 10. d3 Bg4 11. Bf4 Re8 12. Qd2 Bxf3 13. gxf3 Qd7 14. Re5
Bd6 15. Rg5 Re6 16. Rxg7+ Kxg7 17. Bh6+ Kh8 18. Qg5 Rg8 {White resigns} 0-1

[Event "Team 45 45 League T80"]
[Site "Internet Chess Club"]
[Date "2019.04.28"]
[Round "5"]
[White "mongmong"]
[Black "Visin"]
[Result "1-0"]
[WhiteElo "1558"]
[BlackElo "1216"]
[Opening "Queen's pawn game, Chigorin variation"]
[ECO "D02"]
[Time "09:02:13"]
[TimeControl "2700+45"]

1. d4 d5 2. Nf3 Nc6 3. g3 Bf5 4. Bg2 e6 5. c3 Nf6 6. O-O Be7 7. Nbd2 O-O 8. b4
a6 9. Nb3 Nd7 10. Bb2 Nb6 11. a4 Nc4 12. Bc1 h6 13. Nbd2 Nd6 14. Qb3 b5 15. axb5
axb5 16. Bb2 Bg5 17. Rxa8 Qxa8 18. Ra1 Qd8 19. Ra6 Ne7 20. h4 Bxd2 21. Nxd2 Nc4
22. Nxc4 dxc4 23. Qd1 e5 24. Ra8 Qd6 25. Rxf8+ Kxf8 26. e4 Bd7 27. Qd2 Ng6 28.
Bc1 Ne7 29. dxe5 Qxd2 30. Bxd2 Ng6 31. f4 Ke7 32. Be3 f6 33. Bc5+ Kf7 34. exf6
Kxf6 35. Kf2 Ne7 36. Bxe7+ Kxe7 37. Ke3 Kd6 38. Kd4 g6 39. e5+ Ke6 40. Bh3+ Ke7
41. Bxd7 Kxd7 42. g4 c6 43. f5 g5 44. hxg5 hxg5 45. Kc5 {Black resigns} 1-0

[Event "Team 45 45 League T80"]
[Site "Internet Chess Club"]
[Date "2019.04.29"]
[Round "5"]
[White "oldmanpatzer"]
[Black "smsxman"]
[Result "1-0"]
[WhiteElo "1230"]
[BlackElo "1409"]
[Opening "French defense"]
[ECO "C01"]
[Time "21:00:35"]
[TimeControl "2700+45"]

1. e4 e6 2. d4 c5 3. c3 cxd4 4. cxd4 d5 5. exd5 Qxd5 6. Nf3 Nf6 7. Nc3 Bb4 8.
Bd2 Bxc3 9. Bxc3 O-O 10. Bd3 b6 11. O-O Bb7 12. Re1 Qh5 13. Be2 Ng4 14. h3 Nf6
15. Ne5 Qg5 16. Bf3 Bxf3 17. Nxf3 Qd5 18. Re5 Qd8 19. Rg5 Ne4 20. Re5 Nxc3 21.
bxc3 Nc6 22. Re2 f6 23. Rxe6 Qd7 24. Re2 Rac8 25. Qb3+ Kh8 26. Rc1 Na5 27. Qc2
Nc4 28. Qd3 b5 29. Rce1 Rfe8 30. Rxe8+ Rxe8 31. Rxe8+ Qxe8 32. d5 Kg8 33. d6 Qd7
34. Qd5+ Kf8 35. Nd4 Nxd6 36. Ne6+ Ke8 37. Nxg7+ Qxg7 38. Qxd6 Qf7 39. Qb8+ Ke7
40. Qxa7+ Kf8 41. Qxf7+ Kxf7 42. a3 Ke6 43. Kf1 Kd5 44. Ke2 Kc4 45. Kd2 Kb3 46.
Kd3 Kxa3 47. g4 Kb3 48. f4 Kb2 49. h4 Kb3 50. g5 f5 51. h5 Kb2 52. g6 {Black
resigns} 1-0

[Event "Team 45 45 League T80"]
[Site "Internet Chess Club"]
[Date "2019.04.27"]
[Round "5"]
[White "dabodhi"]
[Black "Conjurer"]
[Result "1-0"]
[WhiteElo "1305"]
[BlackElo "1218"]
[Opening "Sicilian defense"]
[ECO "B33"]
[Time "15:01:49"]
[TimeControl "2700+45"]

1. e4 c5 2. Nf3 Nc6 3. d4 cxd4 4. Nxd4 Nf6 5. Nc3 e6 6. Ndb5 d6 7. Bf4 e5 8. Bg5
Be7 9. Bxf6 Bxf6 10. Nd5 a6 11. Nbc7+ Kd7 12. Nxa8 Qa5+ 13. Qd2 Qxd2+ 14. Kxd2
Bg5+ 15. Ke1 b5 16. Nab6+ Kd8 17. c3 Ne7 18. Rd1 Nxd5 19. Nxd5 Bb7 20. h4 Bh6
21. Rh3 f5 22. exf5 {Black resigns} 1-0

[Event "Team 45 45 League T80"]
[Site "Internet Chess Club"]
[Date "2019.04.27"]
[Round "5"]
[White "guyd52"]
[Black "stantheman59"]
[Result "1/2-1/2"]
[WhiteElo "1192"]
[BlackElo "1255"]
[Opening "Réti: King's Indian attack (Barcza system)"]
[ECO "A07"]
[Time "18:03:59"]
[TimeControl "2700+45"]

1. Nf3 d5 2. g3 Nf6 3. Bg2 g6 4. d3 Bg7 5. Nbd2 c5 6. c3 Nc6 7. O-O O-O 8. Re1
e5 9. e4 d4 10. cxd4 cxd4 11. a3 Re8 12. b4 a6 13. Qc2 Bd7 14. Nc4 Bg4 15. Bd2
Bxf3 16. Bxf3 Kh8 17. Qc1 Re6 18. Bh6 b5 19. Bxg7+ Kxg7 20. Nb2 Rc8 21. Qd2 a5
22. Rec1 Ra8 23. h3 axb4 24. axb4 Rxa1 25. Rxa1 Re8 26. Nd1 Qd6 27. Rb1 Ra8 28.
Bg4 Nxg4 29. hxg4 Ra4 30. f4 Rxb4 31. fxe5 Qe7 32. Rc1 Nxe5 33. Nf2 h6 34. Kg2
Ra4 35. Rb1 b4 36. Rb3 Nc6 37. Qc1 Qe6 38. Rb2 b3 39. g5 h5 40. Qf4 Qe5 41. Kf3
Qxf4+ 42. gxf4 Na5 43. Nd1 Ra2 44. Rb1 f6 45. gxf6+ Kxf6 46. Kg3 Ra3 47. Nb2 Ra2
48. Kh4 Nc6 49. Kg3 Nb4 50. Kh4 {Game drawn by mutual agreement} 1/2-1/2

[Event "Team 45 45 League T80"]
[Site "Internet Chess Club"]
[Date "2019.04.28"]
[Round "5"]
[White "Tjet"]
[Black "clarinetref"]
[Result "0-1"]
[WhiteElo "1350"]
[BlackElo "1462"]
[Opening "English: symmetrical variation"]
[ECO "A30"]
[Time "20:02:17"]
[TimeControl "2700+45"]

1. c4 c5 2. g3 g6 3. Bg2 Bg7 4. d3 e6 5. e4 Nc6 6. Nf3 Qb6 7. Qb3 Qxb3 8. axb3
Nb4 9. O-O Nxd3 10. Nc3 Ne7 11. Nb5 O-O 12. Ra2 a6 13. Nd6 Rb8 14. Nxc8 Rfxc8
15. Rd1 Nxc1 16. Rxc1 d5 17. cxd5 exd5 18. exd5 Nxd5 19. Ne1 Nb4 20. Ra4 b5 21.
Rxb4 cxb4 22. Rxc8+ Rxc8 23. Bb7 Rc1 24. Kf1 Bxb2 {White resigns} 0-1

[Event "Team 45 45 League T80"]
[Site "Internet Chess Club"]
[Date "2019.04.27"]
[Round "5"]
[White "XGG123"]
[Black "rkjulianjr"]
[Result "1-0"]
[WhiteElo "1491"]
[BlackElo "1322"]
[Opening "Bishop's opening/Petrov: Urusov gambit"]
[ECO "C24"]
[Time "13:01:04"]
[TimeControl "2700+45"]

1. e4 e5 2. Bc4 Nf6 3. d4 exd4 4. Nf3 Bb4+ 5. c3 dxc3 6. bxc3 Bxc3+ 7. Nxc3 d5
8. Nxd5 Nxe4 9. Qe2 Bf5 10. O-O O-O 11. Bf4 Nd6 12. Bxd6 Qxd6 13. Ne7+ {Black
resigns} 1-0

[Event "Team 45 45 League T80"]
[Site "Internet Chess Club"]
[Date "2019.04.27"]
[Round "5"]
[White "CMAlge"]
[Black "sdcohle"]
[Result "0-1"]
[WhiteElo "1376"]
[BlackElo "1381"]
[Opening "French: advance variation"]
[ECO "C02"]
[Time "14:01:09"]
[TimeControl "2700+45"]

1. e4 e6 2. d4 d5 3. e5 c5 4. c3 Qb6 5. Nf3 Nc6 6. a3 c4 7. Nbd2 Na5 8. g3 Bd7
9. Bg2 Ne7 10. Rb1 Ng6 11. O-O Be7 12. b4 cxb3 13. Bb2 Ba4 14. Ra1 O-O 15. Qe2
Rfc8 16. Rfc1 Bb5 17. Qe3 Nc4 18. Qe1 Nxb2 19. Rcb1 Nd3 20. Qd1 Rxc3 21. Nxb3
Bc4 22. Nc5 Qc7 23. Rxb7 Qa5 24. a4 Nxc5 25. dxc5 Bxc5 26. Ng5 Rf8 27. Qh5 h6
28. Nxe6 Rb3 29. Rxf7 Rxf7 30. Qxg6 Bxf2+ 31. Kh1 Qb6 32. h4 Bd3 33. Qg4 Bf5 34.
Qf4 Bxe6 35. Qd2 Rb1+ 36. Bf1 Rxa1 {White resigns} 0-1

[Event "Team 45 45 League T80"]
[Site "Internet Chess Club"]
[Date "2019.04.30"]
[Round "5"]
[White "seldredg"]
[Black "seattleblues"]
[Result "1-0"]
[WhiteElo "1257"]
[BlackElo "1238"]
[Opening "Queen's pawn: London system"]
[ECO "A45"]
[Time "21:00:38"]
[TimeControl "2700+45"]

1. d4 Nf6 2. Bf4 e6 3. e3 c5 4. c3 d5 5. Bd3 Nbd7 6. Nf3 b6 7. Nbd2 Be7 8. h4
Bb7 9. Ne5 Rc8 10. Qe2 cxd4 11. exd4 Nf8 12. Ndf3 Ng6 13. Nxg6 fxg6 14. Ne5 Ne4
15. Bb5+ Kf8 16. Bd7 Rc7 17. Bxe6 Bc8 18. Bxc8 Rxc8 19. h5 g5 20. Be3 Bf6 21.
Ng4 Be7 22. Rh3 Rc6 23. Rf3+ Nf6 24. Bxg5 Kg8 25. Nxf6+ Bxf6 26. Be3 Re6 27.
O-O-O Bg5 28. Qd3 Bxe3+ 29. fxe3 h6 30. Rdf1 Re8 31. Rf7 a5 32. Rxg7+ Kxg7 33.
Qg6# {Black checkmated} 1-0

[Event "Team 45 45 League T80"]
[Site "Internet Chess Club"]
[Date "2019.04.29"]
[Round "5"]
[White "kidviper"]
[Black "Gojira"]
[Result "1-0"]
[WhiteElo "1845"]
[BlackElo "1578"]
[Opening "Sicilian: accelerated fianchetto, modern variation"]
[ECO "B34"]
[Time "14:01:36"]
[TimeControl "2700+45"]

1. e4 c5 2. Nf3 Nc6 3. d4 cxd4 4. Nxd4 g6 5. Nc3 Bg7 6. Be3 Nf6 7. Nxc6 dxc6 8.
Qxd8+ Kxd8 9. O-O-O+ Bd7 10. Bc4 e6 11. f3 Ke8 12. Bc5 Bf8 13. Bd4 Be7 14. a4 b6
15. Rd2 Rd8 16. Rhd1 Bc8 17. Be5 Rxd2 18. Rxd2 Rf8 19. g4 Nd7 20. Bd6 Bxd6 21.
Rxd6 Ne5 22. Be2 Ke7 23. Rd1 g5 24. Rf1 Ng6 25. Rf2 f6 26. Bf1 Rh8 27. Kd2 h5
28. h3 Rd8+ 29. Ke3 h4 30. Rd2 Rxd2 31. Kxd2 Kd6 32. Nd1 Nf4 33. Ne3 Bd7 34.
Nc4+ Kc5 35. Kc3 b5 36. b4# {Black checkmated} 1-0

[Event "Team 45 45 League T80"]
[Site "Internet Chess Club"]
[Date "2019.04.25"]
[Round "5"]
[White "Bizzy-Ketty"]
[Black "KidRattler"]
[Result "1-0"]
[WhiteElo "1548"]
[BlackElo "1583"]
[Opening "Sicilian: Hungarian variation"]
[ECO "B27"]
[Time "19:14:52"]
[TimeControl "2700+45"]

1. e4 c5 2. Nf3 g6 3. d4 cxd4 4. Qxd4 Nf6 5. Nc3 Nc6 6. Qd1 Bg7 7. Be2 O-O 8.
Bg5 d6 9. O-O Bd7 10. Qd2 Rc8 11. Rfd1 Be6 12. a3 Nd7 13. Bh6 f6 14. Nd5 Nb6 15.
Bxg7 Kxg7 16. c4 Bxd5 17. exd5 Ne5 18. Nd4 Qd7 19. Ne6+ Kg8 20. Nxf8 Kxf8 21. b3
Kg7 22. Qd4 Qf5 23. Rac1 h5 24. b4 g5 25. c5 dxc5 26. bxc5 Nbd7 27. c6 bxc6 28.
dxc6 Nf8 29. c7 Ne6 30. Qxa7 Nf4 31. Bf1 Qg4 32. Kh1 h4 33. Qe3 Rxc7 34. f3 Rxc1
35. Rxc1 Qf5 36. a4 g4 37. fxg4 Nxg4 38. Qf3 Ne5 39. Qd1 Qg5 40. Qc2 Ng4 41. Re1
e5 42. h3 Nh6 43. Qe4 Nf5 44. Qb7+ Kh6 45. Qa8 Ng3+ 46. Kh2 Qg7 47. Qf3 f5 48.
Bb5 Ngh5 49. Qc6+ Ng6 50. Rd1 e4 51. Qd6 Nf6 52. Rc1 Ne5 53. Qa3 f4 54. Kh1 e3
55. Rf1 Ne4 56. Kh2 Qg3+ 57. Kg1 Ng6 58. Rf3 Qe1+ 59. Rf1 Qg3 60. Rf3 Qe1+ 61.
Rf1 Qd2 62. Qc1 Qd4 63. Qd1 Qc5 64. Kh2 Nf2 65. Qf3 Qg5 66. Rxf2 exf2 67. Qxf2
Qe5 68. Qf3 Ne7 69. Be2 Ng6 70. Bd3 Ne7 71. Qe4 Qd6 72. Qh7+ Kg5 73. Qg7+ Kh5
74. Qg4+ Kh6 75. Qxh4+ Kg7 76. Qg4+ Kf6 77. Qf3 Nc6 78. g3 Ne5 79. Qxf4+ Ke7 80.
Qg5+ Kf7 81. Be4 Qd4 82. Qf4+ Ke7 83. Qh4+ Kd6 84. Bg2 Qf2 85. Qe4 Qb2 86. Qd5+
Ke7 87. a5 Nd7 88. Qe4+ Kd8 89. a6 Nb6 90. a7 Kc7 91. Qe7+ Nd7 92. a8=Q Qb8 93.
Qxb8+ Kxb8 94. Qd8+ Ka7 95. Qxd7+ Kb6 96. Qc6+ Ka5 97. Qb7 Ka4 98. Be4 Ka5 99.
Bg6 Ka4 100. Qb6 Ka3 101. Qb5 Ka2 102. Qb4 Ka1 103. Qb1# {Black checkmated} 1-0

[Event "Team 45 45 League T80"]
[Site "Internet Chess Club"]
[Date "2019.04.28"]
[Round "5"]
[White "BJJ"]
[Black "Electryon"]
[Result "1-0"]
[WhiteElo "1409"]
[BlackElo "1416"]
[Opening "Scandinavian (center counter) defense"]
[ECO "B01"]
[Time "18:07:17"]
[TimeControl "2700+45"]

1. e4 d5 2. exd5 Qxd5 3. Nc3 Qd8 4. d4 c6 5. Bc4 Bf5 6. Nf3 e6 7. O-O Nf6 8. Ne5
Nbd7 9. Bf4 Be7 10. Qe2 O-O 11. a4 Nd5 12. Nxd5 cxd5 13. Bd3 Nxe5 14. Bxe5 Bxd3
15. Qxd3 Rc8 16. c3 a6 17. Qg3 Bf6 18. f4 Bxe5 19. fxe5 Qd7 20. Rf2 b5 21. axb5
axb5 22. Raf1 Ra8 23. h4 Ra7 24. h5 h6 25. Rf6 Kh8 26. Rxh6+ gxh6 27. Rf6 Kh7
28. Qd3+ Kg7 29. Qe3 Rh8 30. Qg3+ Kh7 31. Qf4 Kg8 32. Qg4+ Kh7 33. Rg6 f5 34.
Rxh6+ {Black resigns} 1-0

[Event "Team 45 45 League T80"]
[Site "Internet Chess Club"]
[Date "2019.04.27"]
[Round "5"]
[White "WillC"]
[Black "Covenanteer"]
[Result "0-1"]
[WhiteElo "1679"]
[BlackElo "1595"]
[Opening "Queen's pawn game, Darooha variation "]
[ECO "D02"]
[Time "07:34:54"]
[TimeControl "2700+45"]

1. d4 d5 2. Nf3 Nf6 3. b3 e6 4. Bb2 c5 5. e3 Nc6 6. Nbd2 cxd4 7. exd4 Bd6 8. a3
a6 9. c4 dxc4 10. Bxc4 O-O 11. O-O Bd7 12. Ne5 Ne7 13. Rc1 Rc8 14. Qe2 Bc6 15.
Nxc6 Rxc6 16. Rfd1 Bb8 17. Ne4 Nfd5 18. g3 Qc7 19. Bd3 h6 20. Nc5 Rc8 21. Qe4
Nf6 22. Qf3 Ned5 23. b4 Qe7 24. Qe2 b5 25. Re1 Ba7 26. Qe5 R8c7 27. Bf1 Qd8 28.
Bg2 Rd6 29. Rcd1 Ng4 30. Qe4 Ngf6 31. Qe2 Qe7 32. Qd3 Nb6 33. Ne4 Nxe4 34. Qxe4
Nc4 35. Bc1 Qd8 36. Bf4 e5 37. Bxe5 Nxe5 38. Qxe5 Bxd4 39. Qe8+ Qxe8 40. Rxe8+
Kh7 41. Kf1 g6 42. Re4 Be5 43. Rde1 Bb2 44. R4e3 Kg7 45. f4 Rd2 46. R3e2 Rxe2
47. Rxe2 Bxa3 48. Ra2 Bxb4 49. Rxa6 Bc3 50. Rc6 Rxc6 51. Bxc6 b4 52. Bd5 f6 53.
Kg2 g5 54. fxg5 fxg5 55. g4 Kf6 56. Kf3 Ke5 57. Bb3 Kd4 58. h3 Bd2 59. Ke2 Kc3
60. Be6 Bf4 61. Kf3 b3 62. Bxb3 Kxb3 63. Ke4 Kc4 64. Kf5 Kd4 65. Kg6 Bg3 66.
Kxh6 Bh4 {White resigns} 0-1

[Event "Team 45 45 League T80"]
[Site "Internet Chess Club"]
[Date "2019.04.29"]
[Round "5"]
[White "liujf"]
[Black "CMAlge"]
[Result "1-0"]
[WhiteElo "1576"]
[BlackElo "1368"]
[Opening "Ruy Lopez: Berlin defense, open variation"]
[ECO "C67"]
[Time "18:19:31"]
[TimeControl "2700+45"]

1. e4 e5 2. Nf3 Nc6 3. Bb5 Nf6 4. O-O Nxe4 5. d4 Nd6 6. Bxc6 dxc6 7. Nxe5 Be6 8.
c3 Be7 9. Nd2 O-O 10. Nb3 Nc4 11. Nxc4 Bxc4 12. Re1 b6 13. Bf4 Bd6 14. Bxd6 cxd6
15. Nd2 Be6 16. Qf3 d5 17. Qg3 Rc8 18. Nf3 c5 19. Rad1 Qc7 20. Qxc7 Rxc7 21.
dxc5 Rxc5 22. Nd4 Re8 23. Nxe6 Rxe6 24. f3 Kf8 25. Kf2 Ke7 26. Rxe6+ fxe6 27.
Ke3 b5 28. Kd4 Kd6 29. b3 e5+ 30. Kd3 a5 31. Rb1 e4+ 32. Kd4 b4 33. cxb4 axb4
34. fxe4 dxe4 35. Rb2 Re5 36. Re2 Rd5+ 37. Kxe4 Re5+ 38. Kd3 Rxe2 39. Kxe2 Ke6
40. Kd3 Kd5 41. Kc2 Ke4 42. Kb2 Kd4 43. a3 bxa3+ 44. Kxa3 Kc5 45. b4+ Kb5 46.
Kb3 h6 47. Kc3 g6 48. Kd4 Kxb4 49. Ke5 Kc4 50. Kf6 g5 51. Kg6 Kd4 52. Kxh6 g4
53. Kg5 g3 54. hxg3 Ke5 55. Kg6 Ke6 56. g4 Ke7 57. Kg7 Ke6 58. g5 Kf5 59. g6 Kg5
60. Kf7 Kh6 61. g7 {Black resigns} 1-0

[Event "Team 45 45 League T80"]
[Site "Internet Chess Club"]
[Date "2019.04.25"]
[Round "5"]
[White "Conjurer"]
[Black "dalmata"]
[Result "0-1"]
[WhiteElo "1249"]
[BlackElo "1509"]
[Opening "Queen's pawn"]
[ECO "A40"]
[Time "13:01:50"]
[TimeControl "2700+45"]

1. d4 e6 2. Bf4 d5 3. e3 c5 4. c3 Nc6 5. Nf3 Nf6 6. Bd3 c4 7. Bc2 Be7 8. O-O O-O
9. h3 Nh5 10. Bh2 Bd6 11. Ne5 Nf6 12. Nd2 Nd7 13. Bxh7+ Kxh7 14. Qh5+ Kg8 15. f4
Nf6 16. Qf3 Nh7 17. e4 Ne7 18. b3 f6 19. Ng4 cxb3 20. axb3 f5 21. Ne5 fxe4 22.
Qg4 Nf6 23. Qe2 Qe8 24. c4 Qh5 25. Ng4 Nxg4 26. hxg4 Qh4 27. c5 Bc7 28. Rf2 Kf7
29. g3 Qh3 30. g5 Rh8 31. Nf1 Nf5 32. Ne3 Nxd4 33. Qb2 Nf3+ 34. Kh1 Qxg3 35. Rg2
Qh3 36. g6+ Ke8 37. Qxg7 Qxh2+ 38. Rxh2 Rxh2# {White checkmated} 0-1

[Event "Team 45 45 League T80"]
[Site "Internet Chess Club"]
[Date "2019.04.27"]
[Round "5"]
[White "idjit"]
[Black "Bible-Believer"]
[Result "1-0"]
[WhiteElo "1612"]
[BlackElo "1350"]
[Opening "Sicilian: closed"]
[ECO "B23"]
[Time "20:01:31"]
[TimeControl "2700+45"]

1. e4 c5 2. Nc3 e6 3. f4 d5 4. Nf3 dxe4 5. Nxe4 Nc6 6. Bb5 Bd7 7. O-O Be7 8. d3
Nf6 9. Be3 Qa5 10. Bc4 O-O 11. Ne5 Nxe5 12. fxe5 Nxe4 13. dxe4 Bc6 14. Qg4 Qc7
15. Qf4 b5 16. Be2 Qb7 17. Qg4 a6 18. Bh6 g6 19. Bxf8 Bxf8 20. Rf2 Bg7 21. Raf1
Rf8 22. Qg5 Bd5 {Black resigns} 1-0

[Event "Team 45 45 League T80"]
[Site "Internet Chess Club"]
[Date "2019.04.29"]
[Round "5"]
[White "Balderdash"]
[Black "bardu"]
[Result "0-1"]
[WhiteElo "1328"]
[BlackElo "1275"]
[Opening "Giuoco Pianissimo: Italian four knights variation"]
[ECO "C47"]
[Time "10:17:53"]
[TimeControl "2700+45"]

1. e4 e5 2. Nf3 Nc6 3. Nc3 Nf6 4. Bc4 Bc5 5. d3 d6 6. Ng5 O-O 7. Na4 h6 8. Nxc5
dxc5 9. Nf3 Bg4 10. h3 Bxf3 11. gxf3 Re8 12. Rg1 Kh7 13. Be3 Nd4 14. Bxf7 Rf8
15. Bg6+ Kh8 16. c3 Ne6 17. Bxc5 Nxc5 18. b4 Nxd3+ 19. Ke2 Nf4+ 20. Ke1 Qxd1+
21. Rxd1 Nxh3 22. Rh1 Nf4 23. Bf5 Rad8 24. Rb1 Rd3 25. Rb3 Rfd8 26. Rb1 Rxc3 27.
Rh2 Rxf3 28. Kf1 Rfd3 29. Ke1 Rd2 30. a4 Ra2 31. b5 Rdd2 32. Kf1 Rxa4 33. Bc8 b6
34. Bb7 Raa2 35. Bc8 Nxe4 36. Re1 Ng3+ 37. Kg1 Nge2+ 38. Kh1 Rac2 39. Bf5 Rc1
40. Rxc1 Nxc1 41. Rh4 Rxf2 42. Bd7 e4 43. Kg1 e3 44. Bg4 Nce2+ 45. Bxe2 Nxe2+
46. Kh1 Ng3+ 47. Kg1 Rf1+ 48. Kg2 e2 49. Rd4 e1=Q 50. Rd8+ Kh7 51. Rb8 Qf2+ 52.
Kh3 Rh1+ 53. Kg4 h5+ 54. Kg5 Qf6# {White checkmated} 0-1

[Event "Team 45 45 League T80"]
[Site "Internet Chess Club"]
[Date "2019.04.28"]
[Round "5"]
[White "tasawyer81"]
[Black "Toalla"]
[Result "1/2-1/2"]
[WhiteElo "1215"]
[BlackElo "1224"]
[Opening "Queen's pawn game"]
[ECO "A50"]
[Time "12:02:28"]
[TimeControl "2700+45"]

1. d4 Nf6 2. c4 b5 3. cxb5 e6 4. Nc3 Bb7 5. Nf3 a6 6. e4 Bb4 7. Bd2 c5 8. bxc6
Nxc6 9. Bd3 O-O 10. O-O d6 11. Qe2 Ne7 12. e5 Nfd5 13. Bxh7+ Kxh7 14. Ng5+ Kg8
15. Qh5 Re8 16. Qxf7+ Kh8 17. Qh5+ Kg8 18. Qh7+ Kf8 19. Qh8+ Ng8 20. Qh5 Nh6 21.
Nh7+ Kg8 22. Qg6 Nf7 23. Bg5 Ne7 24. Bxe7 Rxe7 25. Nf6+ Kf8 26. Nh7+ Kg8 {Game
drawn by mutual agreement} 1/2-1/2

[Event "Team 45 45 League T80"]
[Site "Internet Chess Club"]
[Date "2019.04.29"]
[Round "5"]
[White "olivermx"]
[Black "grekor"]
[Result "1-0"]
[WhiteElo "1261"]
[BlackElo "1127"]
[Opening "Ruy Lopez: Schliemann defense"]
[ECO "C63"]
[Time "13:16:26"]
[TimeControl "2700+45"]

1. e4 e5 2. Nf3 Nc6 3. Bb5 f5 4. d3 Bc5 5. c3 d5 6. exd5 Qxd5 7. Bc4 Qd6 8. Bb3
Nf6 9. O-O Be6 10. Bc2 O-O-O 11. b4 Bb6 12. a4 a6 13. a5 Ba7 14. Ba3 h5 15. b5
Qd7 16. bxc6 Qxc6 17. Nxe5 Qe8 18. d4 h4 19. h3 g5 20. Qf3 Bd5 21. Qxf5+ Qe6 22.
Qxe6+ Bxe6 23. Re1 Rhe8 24. Ba4 Rg8 25. Nc6 Bd7 26. Nxa7+ Kb8 27. Bb3 Rg6 28.
Nd2 Kxa7 29. Nf3 g4 30. hxg4 Rxg4 31. Ne5 Rg5 32. Nxd7 Rxd7 33. Be6 Rdg7 34. Bh3
Rg8 35. Be7 R5g6 36. Bxf6 Rxf6 37. Re7 Rgf8 38. f3 Rg8 39. Rxc7 Rxf3 40. Rb1
Rxh3 41. Rbxb7+ Ka8 42. Ra7+ Kb8 43. Rcb7+ Kc8 44. Rc7+ Kb8 45. c4 Rhg3 46.
Rcb7+ Kc8 47. c5 Rxg2+ 48. Kf1 h3 49. c6 Rg1+ 50. Kf2 R1g2+ 51. Kf1 Rg1+ 52. Ke2
R8g2+ 53. Kd3 Rg3+ 54. Kc4 Rc1+ 55. Kd5 Rg5+ 56. Ke4 Rxc6 57. Rh7 Re6+ 58. Kd3
Rg3+ 59. Kc4 Kb8 60. Raf7 Rc6+ 61. Kd5 Rc8 62. Rb7+ Ka8 63. Ra7+ Kb8 64. Rhb7#
{Black checkmated} 1-0

[Event "Team 45 45 League T80"]
[Site "Internet Chess Club"]
[Date "2019.04.27"]
[Round "5"]
[White "rubo"]
[Black "Hectormercado"]
[Result "1-0"]
[WhiteElo "1572"]
[BlackElo "1459"]
[Opening "Queen's pawn, Mason variation"]
[ECO "D00"]
[Time "19:01:11"]
[TimeControl "2700+45"]

1. d4 d5 2. Bf4 Nf6 3. e3 e6 4. Bd3 c5 5. c3 Bd6 6. Bg3 O-O 7. Nd2 b6 8. e4 dxe4
9. Nxe4 Bxg3 10. Nxf6+ Qxf6 11. hxg3 g6 12. Be4 Nc6 13. Bxc6 Rb8 14. Nf3 Rd8 15.
Qd2 Ba6 16. Qh6 Qg7 17. Ng5 f6 18. Qxg7+ Kxg7 19. Nxe6+ Kg8 20. Nxd8 {Black
resigns} 1-0

[Event "Team 45 45 League T80"]
[Site "Internet Chess Club"]
[Date "2019.04.27"]
[Round "5"]
[White "kabubi"]
[Black "g8wrb"]
[Result "0-1"]
[WhiteElo "1165"]
[BlackElo "1429"]
[Opening "Nimzo-Indian: 4.e3 O-O, 5.Bd3"]
[ECO "E47"]
[Time "11:31:21"]
[TimeControl "2700+45"]

1. d4 e6 2. c4 Nf6 3. Nc3 Bb4 4. e3 O-O 5. Bd3 b6 6. Nf3 Bb7 7. O-O d5 8. Bd2 c5
9. Re1 cxd4 10. exd4 Nc6 11. cxd5 exd5 12. Qc2 Ne7 13. Bg5 Ng6 14. Ne5 Rc8 15.
Re3 Qd6 16. Nb5 Rxc2 17. Nxd6 Rc7 18. Nb5 Re7 19. Nd6 Bd2 20. Re2 Bxg5 21. Rae1
Nf4 22. Re3 Nxd3 23. Rxd3 Ba6 24. Rg3 Bf4 25. Rf3 Bxe5 26. dxe5 Ng4 27. Rf5 f6
28. e6 Bd3 29. Rf3 Ne5 30. Rd1 Nxf3+ {White resigns} 0-1